 Dungeon Crawl Stone Soup version 0.31-a0-875-g02e7d12df6 (webtiles) character file.

Game seed: 17687809498700209259

802 MachoJfn the Chopper (level 8, -5/61 HPs)
             Began as a Formicid Fighter on Oct 12, 2023.
             Was a Believer of Makhleb.
             Killed from afar by Dowan (11 damage)
             ... with a shard of ice
             ... on level 5 of the Dungeon.
             The game lasted 00:12:05 (4520 turns).

MachoJfn the Chopper (Formicid Fighter)             Turns: 4520, Time: 00:12:06

Health: -5/61      AC:  8    Str: 29    XL:     8   Next: 14%
Magic:  8/8        EV: 11    Int:  8    God:    Makhleb [**....]
Gold:   176        SH:  5    Dex: 15    Spells: 7/7 levels left

rFire   + . .        a - +3 war axe
rCold   + . .        c - +0 buckler
rNeg    . . .        e - +1 ring mail "Bopn" {Harm Dex+2}
rPois   +            (helmet unavailable)
rElec   +            (no cloak)
rCorr   +            f - +0 pair of gloves
SInv    +            (no boots)
Will    .....        (no amulet)
Stlth   +            k - +6 ring of strength
HPRegen 0.30/turn    (no ring)
MPRegen 0.11/turn

%: harm (+30% outgoing, +20% incoming)
@: mighty, resistant
A: permanent stasis, dig shafts and tunnels, antennae 3, four strong arms
a: Dig, Shaft Self, Renounce Religion, Minor Destruction


You were on level 5 of the Dungeon.
You worshipped Makhleb.
Makhleb was pleased with you.
You visited 1 branch of the dungeon, and saw 5 of its levels.

You collected 176 gold pieces.

Inventory:

Hand Weapons
 a - a +3 war axe (weapon)
Missiles
 h - 4 poisoned darts
 n - 37 stones
 s - 2 javelins
Armour
 c - a +0 buckler (worn)
 e - the +1 ring mail "Bopn" (worn) {Harm Dex+2}
   (You found it on level 2 of the Dungeon)

   Dex+2:     It affects your dexterity (+2).
   Harm:      It increases damage dealt and taken.
 f - a +0 pair of gloves (worn)
Jewellery
 k - a +6 ring of strength (left hand)
 r - the ring of Gumpepus {Ice Drain *Slow Str+3 Dex+8}
   (You found it on level 4 of the Dungeon)

   [ring of ice]

   Ice:       It enhances your ice magic.
   Str+3:     It affects your strength (+3).
   Dex+8:     It affects your dexterity (+8).
   rF-:       It makes you vulnerable to fire.
   rC+:       It protects you from cold.
   Drain:     It drains your maximum health when unequipped.
   *Slow:     It may slow you when you take damage.
Scrolls
 b - a scroll of identify
 j - a scroll of amnesia {unknown}
 m - a scroll of noise
 o - a scroll of teleportation {unknown}
 p - a scroll of immolation
Potions
 i - a potion of cancellation
 l - a potion of brilliance


   Skills:
 + Level 4.6 Fighting
 + Level 6.6 Axes
 + Level 5.1 Armour
 + Level 1.7 Dodging
 + Level 0.4 Stealth
 - Level 4.6 Shields
 + Level 0.7 Invocations


You had 7 spell levels left.
You didn't know any spells.
Your spell library contained the following spells:

 Spells                   Type           Power      Damage    Failure   Level
 Shock                    Conj/Air       0%         1d3       56%         1
 Dazzling Flash           Conj/Hex       0%         N/A       91%         3
 Volatile Blastmotes      Fire/Tloc      0%         2d10      91%         3
 Airstrike                Air            0%         2d(0-16)  100%        4
 Starburst                Conj/Fire      0%         6d3       100%        6
 Maxwell's Capacitive Co  Air            0%         ∞         100%        8
 Swiftness                Air            Unusable   N/A       N/A         3

Dungeon Overview and Level Annotations

Branches:
Dungeon (5/15)
 Temple: D:4-7

Altars:
Dithmenos
Hepliaklqana
Makhleb
Nemelex Xobeh
Uskayaw
Yredelemnul

Shops:
D:5 (

Annotations:
D:5 Dowan


Innate Abilities, Weirdness & Mutations

You cannot be hasted, slowed, berserked, paralysed or teleported.
You can dig through walls and to a lower floor.
You have a pair of large antennae on your head. (SInv)
Your four strong arms can wield two-handed weapons with a shield.


Message History

You hit Duvessa.
Duvessa is almost dead.
Dowan zaps a wand.
The puff of flame hits you. Duvessa hits you with a +0 short sword.
* * * LOW HITPOINT WARNING * * *
You barely miss Duvessa.
Duvessa is almost dead.
Duvessa misses you. Dowan gestures at you while chanting.
You easily resist.
You hit Duvessa.
You kill Duvessa!
Makhleb accepts your kill.
You feel better.
Dowan's eyes darken. "You have made a grave mistake."
Dowan seems to find hidden reserves of power!
You have reached level 8!
You feel clever.
You feel better. Dowan gestures at you while chanting.
The stone arrow hits you!!
* * * LOW HITPOINT WARNING * * *
Unknown command.
It was a potion of resistance.
You feel protected. Dowan barely misses you.
Dowan zaps a wand.
The puff of flame hits you. You resist.
* * * LOW HITPOINT WARNING * * *
You slash Dowan!
Dowan is almost dead.
Dowan barely misses you. x2
You closely miss Dowan.
Dowan is almost dead.
Dowan hits you but does no damage.
You barely miss Dowan.
Dowan is almost dead.
Dowan hits you but does no damage.
Dowan points at you and mumbles some strange words.
The shard of ice hits you! You partially resist.
You die...

#....##..##..###+###......#
#...>##......# ......#
######...∩.....# ......#
..........##...# ......#
......##..##...# #######
......##.......###+###..
...............').......
...............#))...?..
...............#@...####
...............#e...#
......###+######....#
.....<# .....+ ......#
~~...# ......#....~ ≈≈~...#
......#..~~~≈ ≈≈~...#
~~....~~~~≈≈≈≈~~.....
≈~~~~~~≈≈≈≈≈~


You could see Dowan (fast).

Vanquished Creatures
  Duvessa (D:5)
  An ogre (D:3)
  2 phantoms (D:5)
  4 hounds
  An iguana (D:4)
  Terence (D:2)
  A sleepcap (D:4)
  Natasha (D:2)
  3 orc wizards
  6 adders
  A shadow imp (D:4)
  A white imp (D:5)
  3 dart slugs (D:1)
  14 orcs
  5 ball pythons
  12 endoplasms
  5 giant cockroaches
  5 goblins
  2 hobgoblins (D:1)
  3 quokkas
  2 bats
  5 frilled lizards
  13 kobolds
  7 rats
99 creatures vanquished.

Notes
Turn   | Place    | Note
-------+----------+-------------------------------------------
     0 | D:1      | MachoJfn the Formicid Fighter began the quest for the Orb.
     0 | D:1      | Reached XP level 1. HP: 18/18 MP: 1/1
    78 | D:1      | Reached XP level 2. HP: 22/24 MP: 2/2
   462 | D:1      | Found a faded altar of an unknown god.
   470 | D:1      | Reached XP level 3. HP: 29/29 MP: 3/3
   471 | D:1      | Prayed at the altar of an unknown god.
   471 | D:1      | Became a worshipper of Makhleb the Destroyer
   471 | D:1      | Reached * piety under Makhleb
   975 | D:1      | Found a basalt altar of Yredelemnul.
  1067 | D:2      | Noticed Terence
  1080 | D:2      | Killed Terence
  1081 | D:2      | Reached XP level 4. HP: 15/37 MP: 4/4
  1284 | D:2      | Noticed Natasha
  1292 | D:2      | Killed Natasha
  1293 | D:2      | Reached skill level 3 in Axes
  1293 | D:2      | Reached XP level 5. HP: 34/42 MP: 5/5
  1345 | D:2      | Identified the +1 ring mail "Bopn" {Harm Dex+2}
  1704 | D:2      | Reached ** piety under Makhleb
  2559 | D:3      | Reached skill level 4 in Axes
  2559 | D:3      | Reached XP level 6. HP: 32/48 MP: 6/6
  2979 | D:3      | Found a shadowy altar of Dithmenos.
  3110 | D:3      | Noticed an ogre
  3117 | D:3      | Killed an ogre
  3385 | D:4      | Reached skill level 5 in Axes
  3457 | D:4      | Found a hide-covered altar of Uskayaw.
  3635 | D:4      | Reached skill level 1 in Dodging
  3635 | D:4      | Reached XP level 7. HP: 51/54 MP: 7/7
  3688 | D:4      | Identified the ring of Gumpepus {Ice Drain *Slow Str+3
                  | Dex+8}
  3843 | D:4      | Found a sparkling altar of Nemelex Xobeh.
  3969 | D:4      | Found a faded altar of an unknown god.
  3969 | D:4      | Found a faded altar of an unknown god.
  3971 | D:4      | Found a hazy altar of Hepliaklqana.
  4305 | D:5      | Entered Level 5 of the Dungeon
  4356 | D:5      | Reached skill level 5 in Armour
  4381 | D:5      | Reached skill level 6 in Axes
  4451 | D:5      | Found Xousussi's Weapon Shop.
  4499 | D:5      | Noticed Duvessa
  4505 | D:5      | Noticed Dowan
  4514 | D:5      | Killed Duvessa
  4515 | D:5      | Reached XP level 8. HP: 20/61 MP: 8/8
  4520 | D:5      | Killed from afar by Dowan

Illustrated notes

Levels and vault maps discovered:
D:1:      sevenhm_arrival_forest_fort_small_6, layout_basic,
          ebering_ecumenical_altar_petrified, serial_bayou_lake_a
D:2:      layout_loops_corners, uniq_terence, uniq_natasha
D:3:      layout_loops_ring, nicolae_dithmenos_the_darkroom,
          nicolae_eternal_life, dreamdust_princess_corridor
D:4:      layout_basic, nemelex_altar_shiori,
          nicolae_hepliaklqana_ecumenical_no_more,
          eat_drink_and_be_merry_uskayaw
D:5:      wander_river, layout_gridville, nicolae_wu_jian_glorious_leap,
          serial_rivers, chequers_serial_rivers_large_a,
          chequers_serial_rivers_micro_e, chequers_serial_rivers_room_b,
          chequers_serial_rivers_large_b, chequers_serial_rivers_room_b,
          chequers_serial_rivers_micro_a, serial_shops, nicolae_square_shop,
          uniq_duvessa

Skill      XL: |  1  2  3  4  5  6  7 |
---------------+----------------------+-----
Armour         | 4 5 |  5.1
Axes           | 3 4 5 6 |  6.6
Fighting       | 4 |  4.6
Dodging        | 1 |  1.7
Stealth        | |  0.4
Shields        | |  4.6
Invocations    | |  0.7

Action                     |  1- 3 |  4- 6 |  7- 9 || total
---------------------------+-------+-------+-------++-------
  Melee: War axe           |    76 |   108 |    66 ||   250
 Invoke: Minor Destruction |       |     2 |       ||     2
    Use: Scroll            |     4 |     4 |     1 ||     9
         Potion            |       |     2 |     3 ||     5
 Armour: Scale mail        |    58 |    15 |       ||    73
         Ring mail         |       |    63 |    47 ||   110
  Dodge: Dodged            |    37 |    52 |    23 ||   112
  Block: Buckler           |    18 |    24 |    15 ||    57

Table legend: (Time is in decaauts)
 A = Elapsed time spent in this place.
 B = Non-inter-level travel time spent in this place.
 C = Inter-level travel time spent in this place.
 D = Time resting spent in this place.
 E = Time spent auto-exploring this place.
 F = Levels seen in this place.
 G = Mean time per level.
                   A        B        C        D        E       F      G
               +--------+--------+--------+--------+--------+-----+--------+
         Total |   4639 |   4294 |    345 |    544 |   2728 |   5 |  927.8 |
       Dungeon |   4639 |   4294 |    345 |    544 |   2728 |   5 |  927.8 |
               +--------+--------+--------+--------+--------+-----+--------+

Top non-repeatable levels by time:
     D:2: 1214 daAuts
     D:1: 1141 daAuts
     D:3: 1102 daAuts
     D:4: 955 daAuts
     D:5: 225 daAuts
